 Dungeon Crawl Stone Soup version 0.17-a0-1430-g49fde19 (webtiles) character file.

193 Lektor the Poker (level 5, -4/39 HPs)
             Began as a Merfolk Skald on June 25, 2015.
             Killed by divine providence
             ... invoked by an orc priest
              (12 damage)
             ... on level 3 of the Dungeon.
             The game lasted 00:11:52 (2703 turns).

Lektor the Poker (Merfolk Skald)                    Turns: 2703, Time: 00:11:52

Health: -4/39      AC:  7    Str: 14    XL:     5   Next: 72%
Magic:  0/8        EV: 11    Int: 18    God:
Gold:   138        SH:  0    Dex: 13    Spells: 1 memorised, 7 levels left

rFire  . . .     SeeInvis .     a - +0 spear
rCold  . . .     Clarity  .     e - +0 ring mail
rNeg   . . .     SustAt   .     (no shield)
rPois  .         Gourm    .     l - +0 hat
rElec  .         Spirit   .     o - +1 cloak {MR+}
rCorr  .         Warding  .     (no gloves)
rMut   .         Stasis   .     (no boots)
MR     ++...                    (no amulet)
Stlth  +.........               s - ring of protection from magic
                                i - +2 ring of strength

@: brilliant, infused, very resistant to hostile enchantments, very unstealthy
A: change form in water, swift swim
a: no special abilities


You were on level 3 of the Dungeon.
You were not hungry.

You visited 1 branch of the dungeon, and saw 3 of its levels.

You collected 138 gold pieces.

Inventory:

Hand weapons
 a - a +0 spear (weapon)
 g - a +0 spear
 h - a +0 spear
 k - a +2 falchion of slicing
 x - a +3 hunting sling
Missiles
 p - 73 stones (quivered)
 y - 20 sling bullets
 A - 17 arrows
 B - 12 poisoned needles
Armour
 b - a +0 leather armour
 e - a +0 ring mail (worn)
 l - a +0 hat (worn)
 o - a +1 cloak of magic resistance (worn)
Jewellery
 i - a +2 ring of strength (left hand)
 s - a ring of protection from magic (right hand)
Magical devices
 f - a wand of frost (17)
 u - a wand of slowing (27)
Scrolls
 j - a scroll of magic mapping {unknown}
 n - a scroll of identify
 q - a scroll of fog {unknown}
 r - 3 scrolls of remove curse {unknown}
 t - 2 scrolls of amnesia {unknown}
Potions
 m - a potion of degeneration
Books
 c - a book of Battle

   Spells                             Type                      Level
   a - Infusion                       Charms                       1
   b - Shroud of Golubria             Charms/Translocation         2
   c - Song of Slaying                Charms                       2
   d - Spectral Weapon                Hexes/Charms                 3
   e - Regeneration                   Charms/Necromancy            3
Comestibles
 d - 2 bread rations
 v - 2 meat rations
 w - 2 chunks of flesh


   Skills:
 - Level 2.3 Fighting
 * Level 7.6 Polearms
 - Level 0.6 Armour
 + Level 2.5 Dodging
 - Level 2.0 Spellcasting
 - Level 3.4 Charms


You had 7 spell levels left.
You knew the following spells:

 Your Spells              Type           Power        Failure   Level  Hunger
a - Infusion              Chrm           ####..       1%          1    #......


Dungeon Overview and Level Annotations

Branches:
Dungeon (3/15)

Altars:
Cheibriados
Kikubaaqudgha
Trog
Vehumet


Message History

You reach to attack!
You barely miss the orc priest. You hit the orc priest.
The orc priest is moderately wounded.
The orc priest calls down the wrath of Beogh upon you.
Something smites you!
You barely miss the orc priest.
The orc priest is moderately wounded.
The orc priest hits you with a mace!
* * * LOW HITPOINT WARNING * * *
You hit the orc priest but do no damage.
The orc priest is moderately wounded.
You hit the orc priest.
The orc priest is severely wounded.
The orc priest hits you with a mace.
* * * LOW HITPOINT WARNING * * *
You hit the orc priest.
The orc priest is almost dead.
The orc priest mumbles some strange prayers to Beogh against you.
Something smites you!
You die...

# #.#+# #..... #.# .###.
#.#.# ###### #)#
.....###.#.# #.#
.........#.############.#
............##.......##.#
.##.#..(...)........##.#
#....#...##.......##.#
......#.##o###..........#
#.......##@# #.......####
##########.# #.......#
#.# #.......# #.#
######### ######## #.#
.......## #.# ........#
#.# .#####..# #.#
.#####..## ##.#


You could see an orc priest.

Vanquished Creatures
  An orc wizard (D:3)
  A gnoll (D:2)
  6 adders
  3 oozes
  A worm (D:2)
  2 giant geckos
  4 orcs
  2 ball pythons
  7 bats
  5 giant cockroaches
  8 goblins
  4 hobgoblins
  7 jackals
  2 quokkas (D:2)
  5 giant newts
  14 kobolds
  5 rats
77 creatures vanquished.

Notes
Turn   | Place    | Note
--------------------------------------------------------------
     0 | D:1      | Lektor the Merfolk Skald began the quest for the Orb.
     0 | D:1      | Reached XP level 1. HP: 16/16 MP: 3/3
   220 | D:1      | Reached XP level 2. HP: 23/23 MP: 5/5
   427 | D:1      | Reached skill level 4 in Polearms
   667 | D:2      | Reached XP level 3. HP: 17/28 MP: 6/6
   884 | D:2      | Reached skill level 5 in Polearms
  1232 | D:2      | Reached XP level 4. HP: 27/34 MP: 7/7
  1305 | D:2      | Reached skill level 6 in Polearms
  1543 | D:2      | Found a snail-covered altar of Cheibriados.
  1915 | D:3      | Found a bloodstained altar of Trog.
  2197 | D:2      | Reached XP level 5. HP: 39/39 MP: 8/8
  2370 | D:3      | Reached skill level 7 in Polearms
  2421 | D:3      | Found an ancient bone altar of Kikubaaqudgha.
  2454 | D:3      | Found a radiant altar of Vehumet.
  2703 | D:3      | Killed from afar by an orc priest

Vault maps used:
D:1:      minmay_arrival_glassed_features
D:2:      first_bread, grunt_ministairs_7, cheibriados_altar_wand_db
D:3:      nicolae_tso_swordbearing_angel, vehumet_altar_wand_db,
          lemuel_crystal_altar, trog_book

Action                   |  1- 3 |  4- 6 || total
-------------------------+-------+-------++-------
Melee: Spear             |   139 |   234 ||   373
 Fire: Hunting sling     |       |     2 ||     2
Throw: Stone             |     3 |     7 ||    10
 Cast: Infusion          |       |     2 ||     2
  Use: Potion            |     2 |     1 ||     3
       Scroll            |       |     2 ||     2
 Stab: Sleeping          |     1 |       ||     1
  Eat: Chunk             |     1 |     5 ||     6
